 Dungeon Crawl Stone Soup version 0.29-a0-830-gcb1280458a (webtiles) character file.

Game seed: 14437132645058584540

391 RevDB the Covered (level 6, -2/56 HPs)
             Began as a Minotaur Fighter on July 11, 2022.
             Slain by an orc wizard
             ... wielding a +0 dagger
              (3 damage)
             ... on level 4 of the Dungeon.
             The game lasted 00:19:39 (2631 turns).

RevDB the Covered (Minotaur Fighter)                Turns: 2631, Time: 00:19:40

Health: -2/56      AC: 11    Str: 23    XL:     6   Next: 50%
Magic:  5/5        EV:  8    Int:  5    God:
Gold:   241        SH:  4    Dex:  9    Spells: 5/5 levels left

rFire   . . .      SeeInvis .   n - +2 whip (elec)
rCold   . . .      Faith    .   c - +0 buckler
rNeg    . . .      Spirit   .   g - +0 chain mail
rPois   .          Reflect  .   (helmet restricted)
rElec   .          Harm     .   (no cloak)
rCorr   .          Rampage  .   y - +0 pair of gloves
Will    .....                   (no boots)
Stlth   ..........              (no amulet)
HPRegen 0.18/turn               (no ring)
MPRegen 0.09/turn               (no ring)

@: no status effects
A: horns 2, retaliatory headbutt
a: no special abilities


You were on level 4 of the Dungeon.
You visited 1 branch of the dungeon, and saw 4 of its levels.

You collected 241 gold pieces.

Inventory:

Hand Weapons
 a - a +0 flail
 n - a +2 whip of electrocution (weapon)
 w - a +0 mace
Missiles
 o - 43 stones (quivered)
 t - 9 poisoned darts
Armour
 b - a +0 scale mail
 c - a +0 buckler (worn)
 g - a +0 chain mail (worn)
 y - a +0 pair of gloves (worn)
Wands
 r - a wand of iceblast (7)
Scrolls
 h - 2 scrolls of magic mapping {unknown}
 j - a scroll of blinking {unknown}
 k - 2 scrolls of teleportation {unknown}
 l - a scroll of vulnerability {unknown}
 m - a scroll of identify {unknown}
 p - a scroll of fear {unknown}
 q - a scroll of poison {unknown}
 u - a scroll of enchant weapon {unknown}
 z - a scroll of immolation {unknown}
Potions
 d - 2 potions of might
 e - a potion of lignification {unknown}
 f - 2 potions of haste {unknown}
 i - 3 potions of curing {unknown}
 s - a potion of heal wounds {unknown}
 v - a potion of attraction {unknown}
 x - a potion of mutation {unknown}


   Skills:
 - Level 5.0 Fighting
 - Level 5.0 Maces & Flails
 + Level 6.2 Armour
 - Level 2.0 Dodging
 - Level 4.0 Shields


You had 5 spell levels left.
You didn't know any spells.
Your spell library contained the following spells:

 Spells                   Type           Power      Damage    Failure   Level
 Ensorcelled Hibernation  Hex/Ice        0%         N/A       100%        2
 Scorch                   Fire           0%         2d5       100%        2
 Spider Form              Tmut/Pois      0%         N/A       100%        3
 Anguish                  Hex/Necr       0%         N/A       100%        4
 Flame Wave               Conj/Fire      0%         2d4       100%        4
 Summon Cactus Giant      Summ           0%         N/A       100%        6


Dungeon Overview and Level Annotations

Branches:
Dungeon (4/15)
 Temple: D:4-7

Altars:
Hepliaklqana

Annotations:
D:4 3 runed translucent doors


Innate Abilities, Weirdness & Mutations

You have a pair of horns on your head.
You reflexively headbutt those who attack you in melee.


Message History

You closely miss the orc. Your headbutt misses the orc.
You block the orc's attack.
The orc wizard gestures wildly while chanting.
The orc wizard flickers and vanishes!
Deactivating autopickup; reactivate with Ctrl-A.
You barely miss the orc.
You hear some strange, mumbled words.
A puff of flame appears from out of thin air!
The puff of flame hits you but does no damage.
The orc completely misses you.
You barely miss the orc. Your headbutt misses the orc.
Something hits you but does no damage. The orc hits you but does no damage.
You barely miss the orc. You barely miss the orc.
The orc priest calls down the wrath of Beogh upon you.
Beogh smites you! The orc hits you but does no damage.
Something hits you but does no damage.
You closely miss the orc. You headbutt the orc!
You kill the orc!
Something hits you but does no damage.
You barely miss something.
The orc priest mumbles some strange prayers to Beogh against you.
Beogh smites you!
* * * LOW HITPOINT WARNING * * *
Something hits you but does no damage.
You miss something.
You hear some strange, mumbled words.
A magic dart appears from out of thin air!
The magic dart hits you but does no damage.
You closely miss something. Your headbutt misses something. Something hits you.
* * * LOW HITPOINT WARNING * * *
You miss something. You headbutt something.
Something hits you but does no damage.
You hit something. Something hits you but does no damage.
You miss something.
The orc priest mumbles some strange prayers to Beogh against you.
Beogh smites you!
* * * LOW HITPOINT WARNING * * *
Something hits you.
You die...

.## .. .. #. ...
## .## ...
...##.##..#....
....#..........
........))....##.
.o..#...#@# .....
>..?#...#{##.....
......oJ..oo.?...>
......(...........
.............###..
..............#
#............#
##......†....#
####........#


You could see an orc priest and an orc.

Vanquished Creatures
  A phantom (D:4)
  A jelly (D:3)
  An orc wizard (D:3)
  A scorpion zombie (D:3)
  Natasha (thrice) (D:4)
  2 hound zombies (D:3)
  3 adders
  An adder skeleton (D:3)
  A worm (D:3)
  2 dart slugs
  7 orcs
  12 ball pythons
  7 bats
  6 endoplasms
  A giant cockroach (D:2)
  7 goblins
  9 hobgoblins
  6 jackals (D:3)
  2 quokkas
  2 frilled lizards
  A jackal skeleton (D:3)
  8 kobolds
  A quokka skeleton (D:3)
  A quokka zombie (D:3)
  5 rats
  A bush (D:1)
92 creatures vanquished.

Vanquished Creatures (others)
  An orc (D:4)
  A demonic plant (D:1)
  3 fungi
  6 plants
  A withered plant (D:3)
12 creatures vanquished.

Grand Total: 104 creatures vanquished

Notes
Turn   | Place    | Note
-------+----------+-------------------------------------------
     0 | D:1      | RevDB the Minotaur Fighter began the quest for the Orb.
     0 | D:1      | Reached XP level 1. HP: 19/19 MP: 0/0
   176 | D:1      | Reached XP level 2. HP: 27/27 MP: 1/1
   342 | D:1      | Reached skill level 1 in Dodging
   402 | D:1      | You fall into a shaft and drop 1 floor!
   475 | D:1      | Found a faded altar of an unknown god.
   564 | D:1      | Reached skill level 4 in Armour
   635 | D:1      | Reached XP level 3. HP: 33/33 MP: 2/2
  1652 | D:3      | Reached XP level 4. HP: 39/40 MP: 3/3
  1808 | D:3      | Found a hazy altar of Hepliaklqana.
  1864 | D:3      | Reached skill level 5 in Fighting
  1884 | D:3      | Reached XP level 5. HP: 37/48 MP: 4/4
  1963 | D:3      | Reached skill level 5 in Maces & Flails
  1977 | D:3      | Identified the +6 hand axe of Gin and Tonic {drain, *Rage
                  | rElec rPois Dex+6}
  2430 | D:4      | Found a runed translucent gate.
  2430 | D:4      | Found a runed translucent gate.
  2430 | D:4      | Found a runed translucent gate.
  2437 | D:4      | Noticed Natasha
  2450 | D:4      | Killed Natasha
  2499 | D:4      | Noticed a phantom
  2509 | D:4      | Killed a phantom
  2510 | D:4      | Reached skill level 5 in Armour
  2510 | D:4      | Reached XP level 6. HP: 51/56 MP: 5/5
  2545 | D:4      | Noticed Natasha
  2560 | D:4      | Killed Natasha
  2589 | D:4      | Noticed Natasha
  2594 | D:4      | Killed Natasha
  2595 | D:4      | Reached skill level 6 in Armour
  2631 | D:4      | HP: 1/56 [orc priest/divine providence (10)]
  2631 | D:4      | Slain by an orc wizard

Illustrated notes

Levels and vault maps discovered:
D:1:      eino_arrival_tree_alley, layout_rooms, shapermc_ecumenical_altar_gd,
          serial_forest, infiniplex_forest_pool, infiniplex_forest_clump_medium,
          infiniplex_forest_end_1, infiniplex_forest_straight_4,
          infiniplex_forest_zigzag_2, infiniplex_forest_corner_2
D:2:      layout_basic, kennysheep_generic_room_10
D:3:      layout_loops_ring, worldfamousw_hep_ancestral_shrine, serial_undead,
          serial_undead_f, serial_undead_d, serial_undead_f, serial_undead_c
D:4:      layout_cave_pools, gammafunk_ghost_nasty_kobolds, uniq_natasha

Skill      XL: |  1  2  3  4  5  6 |
---------------+-------------------+-----
Dodging        | 1 2 |  2.0
Armour         | 4 5 6 |  6.2
Fighting       | 4 5 |  5.0
Shields        | 4 |  4.0
Maces & Flails | 4 5 |  5.0

Action                   |  1- 3 |  4- 6 || total
-------------------------+-------+-------++-------
Melee: Flail             |   105 |       ||   105
       Headbutt          |    29 |    19 ||    48
       Whip              |    43 |   141 ||   184
Throw: Stone             |       |     1 ||     1
Armor: Scale mail        |     6 |       ||     6
       Chain mail        |    44 |    57 ||   101
Dodge: Dodged            |    25 |    27 ||    52
Block: Buckler           |    17 |    25 ||    42

Table legend: (Time is in decaauts)
 A = Elapsed time spent in this place.
 B = Non-inter-level travel time spent in this place.
 C = Inter-level travel time spent in this place.
 D = Time resting spent in this place.
 E = Time spent auto-exploring this place.
 F = Levels seen in this place.
 G = Mean time per level.
                   A        B        C        D        E       F      G
               +--------+--------+--------+--------+--------+-----+--------+
         Total |   2650 |   2489 |    161 |      0 |    737 |   4 |  662.5 |
       Dungeon |   2650 |   2489 |    161 |      0 |    737 |   4 |  662.5 |
               +--------+--------+--------+--------+--------+-----+--------+

Top non-repeatable levels by time:
     D:2: 907 daAuts
     D:3: 795 daAuts
     D:1: 757 daAuts
     D:4: 189 daAuts
